 Dungeon Crawl Stone Soup version 0.30.0-29-ga12c61a403 (webtiles) character file.

Game seed: 1873240715925888399

159 cheesebisquit the Stinger (level 5, -4/35 HPs)
             Began as a Formicid Venom Mage on June 3, 2023.
             Was an Initiate of Dithmenos.
             Slain by a wight
             ... wielding a +0 great sword
              (13 damage)
             ... on level 5 of the Dungeon.
             The game lasted 00:12:16 (4559 turns).

cheesebisquit the Stinger (Formicid Venom Mage)     Turns: 4559, Time: 00:12:16

Health: -4/35      AC:  4    Str: 15    XL:     5   Next: 68%
Magic:  10/10      EV: 12    Int: 14    God:    Dithmenos [......]
Gold:   215        SH:  0    Dex: 14    Spells: 10/11 levels left

rFire   . . .        b - +0 short sword
rCold   . . .        (no shield)
rNeg    . . .        a - +0 robe
rPois   .            (helmet unavailable)
rElec   .            (no cloak)
rCorr   +            (no gloves)
SInv    +            k - +1 pair of boots
Will    .....        (no amulet)
Stlth   +++          r - ring of resist corrosion
HPRegen 0.25/turn    (no ring)
MPRegen 0.12/turn

%: no passive effects
@: no status effects
A: permanent stasis, dig shafts and tunnels, antennae 3, four strong arms
a: Dig, Shaft Self, Renounce Religion


You were on level 5 of the Dungeon.
You worshipped Dithmenos.
Dithmenos was noncommittal.
You visited 2 branches of the dungeon, and saw 6 of its levels.

You collected 215 gold pieces.

Inventory:

Hand Weapons
 b - a +0 short sword (weapon)
Missiles
 o - 6 curare-tipped darts
 p - 3 atropa-tipped darts
Armour
 a - a +0 robe (worn)
 k - a +1 pair of boots (worn)
 w - a +0 ring mail of positive energy
Jewellery
 r - a ring of resist corrosion (left hand)
Wands
 l - a wand of flame (30)
 y - a wand of roots (8)
Scrolls
 d - 2 scrolls of enchant weapon {unknown}
 f - a scroll of magic mapping {unknown}
 h - 4 scrolls of identify {unknown}
 j - 2 scrolls of teleportation {unknown}
 m - 6 scrolls of fear {unknown}
 t - 2 scrolls of silence {unknown}
 v - a scroll of enchant armour {unknown}
 x - a scroll of amnesia {unknown}
Potions
 c - a potion of magic
 e - a potion of resistance {unknown}
 g - 3 potions of degeneration {unknown}
 i - a potion of lignification {unknown}
 n - 3 potions of mutation {unknown}
 q - 6 potions of curing {unknown}
 s - a potion of haste {unknown}
 u - 2 potions of brilliance {unknown}


   Skills:
 - Level 1.7 Dodging
 + Level 4.5 Stealth
 + Level 3.6 Spellcasting
 - Level 1.1 Transmutations
 + Level 5.5 Poison Magic


You had 10 spell levels left.
You knew the following spells:

 Your Spells              Type           Power      Damage    Failure   Level
a - Sting                 Tmut/Pois      44%        1d5       5%          1

Your spell library contained the following spells:

 Spells                   Type           Power      Damage    Failure   Level
 Poisonous Vapours        Pois/Air       20%        N/A       10%         2
 Summon Small Mammal      Summ           8%         N/A       21%         1
 Olgreb's Toxic Radiance  Pois           18%        N/A       21%         4
 Mephitic Cloud           Conj/Pois/Air  7%         N/A       28%         3
 Call Canine Familiar     Summ           2%         N/A       52%         3
 Gell's Gravitas          Tloc           2%         N/A       52%         3
 Summon Guardian Golem    Hex/Summ       2%         N/A       52%         3
 Teleport Other           Tloc           2%         N/A       52%         3
 Dispersal                Tloc           1%         N/A       100%        6


Dungeon Overview and Level Annotations

Branches:
Dungeon (5/15)             Temple (1/1) D:4

Altars:
Cheibriados
Dithmenos
Elyvilon
Fedhas
Gozag
Hepliaklqana
Kikubaaqudgha
Makhleb
Nemelex Xobeh
Okawaru
Qazlal
Ru
Sif Muna
Trog
Uskayaw
Vehumet
Wu Jian
Xom
Yredelemnul
Zin

Shops:
D:4 *


Innate Abilities, Weirdness & Mutations

You cannot be hasted, slowed, berserked, paralysed or teleported.
You can dig through walls and to a lower floor.
You have a pair of large antennae on your head. (SInv)
Your four strong arms can wield two-handed weapons with a shield.


Message History

No target in view!
No target in view!
No target in view!
Done exploring.
Done exploring.
Done exploring.
There is a large open door here.
There is a stone staircase leading down here.
You climb downwards.
There is a stone staircase leading up here.
You sense a monster nearby.
You open the large door.
A wight and a hound come into view.
Found four items.
There is a large open door here.
The wight completely misses you.
You hit the wight but do no damage.
The wight hits you with a +0 great sword!!
Ouch! That really hurt!
The hound barks!
You are too injured to fight recklessly!
You are too injured to fight recklessly!
You are too injured to fight recklessly!
You are too injured to fight recklessly!
You are too injured to fight recklessly!
You are too injured to fight recklessly!
You are too injured to fight recklessly!
You are too injured to fight recklessly!
You are too injured to fight recklessly!
You are too injured to fight recklessly!
You are too injured to fight recklessly!
You are too injured to fight recklessly!
The wight attacks as you move away!
The wight hits you with a +0 great sword!
* * * LOW HITPOINT WARNING * * *
There is a large open door here.
The wight attacks as you move away! The wight barely misses you.
The wight attacks as you move away!
The wight hits you with a +0 great sword!
You die...

#########
.......<#
#######.# #.#
####++## #.#
#........ #.#
#.≈§..≈≈.
#.###.≈....≈.
#.#.'....?...
#.#@z.h.(|$..
#...#.≈....≈.
#..##.≈≈.$≈≈.
#...#........
##.#####++###
#.# #.# { #..
...


You could see a hound and a wight.

Vanquished Creatures
  An orc wizard (D:4)
  5 adders
  A worm (D:4)
  A dart slug (D:1)
  5 orcs (D:4)
  8 endoplasms
  A giant cockroach (D:1)
  12 goblins
  5 hobgoblins
  4 jackals
  3 quokkas
  10 ball pythons
  6 bats
  A frilled lizard (D:2)
  8 kobolds
  3 rats
74 creatures vanquished.

Notes
Turn   | Place    | Note
-------+----------+-------------------------------------------
     0 | D:1      | cheesebisquit the Formicid Venom Mage began the quest for
                  | the Orb.
     0 | D:1      | Reached XP level 1. HP: 13/13 MP: 3/3
   108 | D:1      | Reached XP level 2. HP: 19/19 MP: 0/5
   658 | D:1      | Found a faded altar of an unknown god.
   834 | D:1      | Reached XP level 3. HP: 24/24 MP: 5/7
  1745 | D:2      | Reached XP level 4. HP: 27/30 MP: 4/8
  1934 | D:2      | Found an ornate altar of the Wu Jian Council.
  2402 | D:2      | Reached skill level 5 in Poison Magic
  3104 | D:3      | Found a stormy altar of Qazlal.
  3303 | D:3      | Reached XP level 5. HP: 35/35 MP: 7/10
  4043 | D:4      | Found an opulent altar of Gozag.
  4044 | D:4      | Found Gozag's Platinum Reserve.
  4180 | D:4      | Found a staircase to the Ecumenical Temple.
  4191 | Temple   | Entered the Ecumenical Temple
  4394 | Temple   | Became a worshipper of Dithmenos the Shadowed
  4542 | D:5      | Entered Level 5 of the Dungeon
  4559 | D:5      | Slain by a wight

Illustrated notes

Levels and vault maps discovered:
D:1:      dpeg_arrival_tiny_f, layout_loops_corners,
          shapermc_ecumenical_altar_mp_ritualfount
D:2:      layout_basic, basic_altar, minmay_cupped
D:3:      layout_basic, lemuel_doored_altar
D:4:      layout_rooms, nicolae_gozag_zags_fifth_avenue,
          minmay_temple_entry_glassed_door, kennysheep_generic_room_3
D:5:      corexii_shantytown, layout_loops_ring, cheibrodos_ashenzari_chains,
          tso_altar, kennysheep_generic_room_5
Temple:   hc_temple_tempest_star

Skill      XL: |  1  2  3  4 |
---------------+-------------+-----
Stealth        | 3 4 |  4.5
Spellcasting   | 3 |  3.6
Poison Magic   | 5 |  5.5
Dodging        | |  1.7
Transmutations | |  1.1

Action                     |  1- 3 |  4- 6 || total
---------------------------+-------+-------++-------
  Melee: Unarmed           |    14 |       ||    14
         Short sword       |    12 |    21 ||    33
   Cast: Sting             |    79 |    77 ||   156
    Use: Potion            |     1 |       ||     1
   Stab: Sleeping          |       |     2 ||     2
 Armour: Robe              |    11 |     9 ||    20
  Dodge: Dodged            |    38 |    45 ||    83
